 Dungeon Sprint DCSS version 0.23.2-1-ga50397a6bc (webtiles) character file.

Game seed: 4861855664404224828

1230 Kobolds4U the Grappler (level 8, -2/89 HPs)
             Began as a Troll Monk on Apr 28, 2019.
             Was a Believer of Qazlal.
             Slain by a demonic crawler (10 damage)
             ... in the Dungeon (Sprint I: "Red Sonja").
             The game lasted 00:02:33 (274 turns).

Kobolds4U the Grappler (Troll Monk)                  Turns: 274, Time: 00:02:33

Health: -2/89      AC:  6    Str: 20    XL:     8   Next: 24%
Magic:  3/7        EV: 14    Int:  6    God:    Qazlal [**....]
Gold:   405        SH:  3    Dex: 14    Spells: 7/7 levels left

rFire    . . .     SeeInvis .     - Unarmed
rCold    . . .     Gourm    +   (no shield)
rNeg     . . .     Faith    .   a - +0 robe
rPois    .         Spirit   .   (helmet restricted)
rElec    .         Reflect  .   (no cloak)
rCorr    .         Harm     .   (gloves unavailable)
MR       .....     NoTele   +   (boots unavailable)
Stlth    +.........             (no amulet)
HPRegen  0.64/turn              (no ring)
MPRegen  0.10/turn              (no ring)

@: no status effects
A: large, unfitting armour, claws 3, fast metabolism 3, gourmand, regeneration
1, shaggy fur 1, tough skin 3
a: Upheaval, Renounce Religion


You were in the Dungeon.
You worshipped Qazlal.
Qazlal was pleased with you.
You were not hungry.

You visited 1 branch You collected 405 gold pieces.

Inventory:

Armour
 a - a +0 robe (worn)
Scrolls
 h - a scroll of blinking
 i - a scroll of magic mapping {unknown}
 j - a scroll of remove curse {unknown}
Potions
 c - a potion of curing
 d - a potion of heal wounds
 e - a potion of haste
 f - 2 potions of magic
 g - a potion of berserk rage
Comestibles
 b - 2 rations


   Skills:
 + Level 8.5 Fighting
 - Level 7.0 Dodging
 - Level 1.0 Stealth
 * Level 13.3 Unarmed Combat


You had 7 spell levels left.
You didn't know any spells.
Your spell library was empty.

Dungeon Overview and Level Annotations

Branches:
Dungeon (1/1)

Altars:
Cheibriados
Dithmenos
Elyvilon
Fedhas
Gozag
Hepliaklqana
Kikubaaqudgha
Makhleb
Nemelex Xobeh
Okawaru
Qazlal
Ru
Sif Muna
Trog
Uskayaw
Vehumet
Wu Jian
Xom
Yredelemnul
Zin
The Shining One
Jiyva
Lugonu

Shops:
D }


Innate Abilities, Weirdness & Mutations

You are too large for most types of armour.
You have claws for hands.
Your metabolism is lightning-fast.
You like to eat raw meat.
Your natural rate of healing is unusually fast.
You are covered in fur. (AC +1)
You have extremely tough skin. (AC +3)


Message History

The demonic crawler hits you.
* * * LOW HITPOINT WARNING * * *
You hear a shout!
You claw the demonic crawler!
The demonic crawler is severely wounded.
You hear a shout!
You block the demonic crawler's attack. The demonic crawler misses you.
The demonic crawler barely misses you. The demonic crawler closely misses you.
The demonic crawler hits you but does no damage.
The demonic crawler closely misses you.
You claw the demonic crawler!
The demonic crawler is almost dead.
The demonic crawler hits you!
* * * LOW HITPOINT WARNING * * *
The demonic crawler closely misses you.
The demonic crawler hits you but does no damage.
The demonic crawler misses you.
The demonic crawler hits you but does no damage.
The demonic crawler hits you!
You die...

##################
.#.)'..#__#..'.).#
.'..#..'..'..#).s##+#
'#####'#__####..@ss.#
.#...#.#### #####s.+
##..##)# ## _##'#_.+
..'..._# _##_.#'#
_###+#.# ## ###


You could see 4 demonic crawlers.

Vanquished Creatures
  2 kobold demonologists (D)
  A slime creature (D)
  Sigmund (D)
  A yak (D)
  A floating eye (D)
  An ogre (D)
  A jelly (D)
  Ijyb (D)
9 creatures vanquished.

Notes
Turn   | Place    | Note
-------+----------+-------------------------------------------
     0 | D        | Kobolds4U the Troll Monk began the quest for the Orb.
     0 | D        | Reached XP level 1. HP: 22/22 MP: 0/0
     1 | D        | Noticed Ijyb
     7 | D        | Killed Ijyb
     7 | D        | Reached skill level 5 in Unarmed Combat
     7 | D        | Reached XP level 2. HP: 31/31 MP: 1/1
    10 | D        | Noticed an ogre
    15 | D        | Killed an ogre
    15 | D        | Reached skill level 7 in Unarmed Combat
    15 | D        | Reached XP level 3. HP: 36/40 MP: 2/2
    15 | D        | Reached XP level 4. HP: 44/49 MP: 3/3
    25 | D        | Noticed Sigmund
    35 | D        | Killed Sigmund
    35 | D        | Reached skill level 5 in Fighting
    35 | D        | Reached skill level 5 in Dodging
    35 | D        | Reached skill level 9 in Unarmed Combat
    35 | D        | Reached XP level 5. HP: 56/59 MP: 4/4
    47 | D        | Found an ornate altar of the Wu Jian Council.
    47 | D        | Found a deep blue altar of Sif Muna.
    49 | D        | Found a radiant altar of Vehumet.
    51 | D        | Reached XP level 6. HP: 67/67 MP: 5/5
    79 | D        | Found Ceezops's Gadget Emporium.
    79 | D        | Found an ancient bone altar of Kikubaaqudgha.
    79 | D        | Found a hazy altar of Hepliaklqana.
    79 | D        | Found a hide-covered altar of Uskayaw.
    79 | D        | Found a basalt altar of Yredelemnul.
    79 | D        | Found an opulent altar of Gozag.
    79 | D        | Found a snail-covered altar of Cheibriados.
    79 | D        | Found a sacrificial altar of Ru.
    79 | D        | Found a shadowy altar of Dithmenos.
    79 | D        | Noticed a yak
    80 | D        | Found a stormy altar of Qazlal.
    80 | D        | Found a blossoming altar of Fedhas.
    80 | D        | Found a bloodstained altar of Trog.
    80 | D        | Found an iron altar of Okawaru.
    80 | D        | Found a glowing golden altar of the Shining One.
    80 | D        | Found a glowing silver altar of Zin.
    80 | D        | Found a white marble altar of Elyvilon.
    93 | D        | Killed a yak
    93 | D        | Reached skill level 10 in Unarmed Combat
    94 | D        | Found a sparkling altar of Nemelex Xobeh.
   102 | D        | Became a worshipper of Qazlal Stormbringer
   102 | D        | Reached * piety under Qazlal
   102 | D        | Reached ** piety under Qazlal
   113 | D        | Found a viscous altar of Jiyva.
   113 | D        | Found a corrupted altar of Lugonu.
   113 | D        | Noticed a slime creature
   114 | D        | Found a burning altar of Makhleb.
   114 | D        | Found a shimmering altar of Xom.
   120 | D        | Killed a slime creature
   120 | D        | Reached skill level 11 in Unarmed Combat
   120 | D        | Reached XP level 7. HP: 51/78 MP: 6/6
   172 | D        | Noticed a kobold demonologist
   172 | D        | Noticed a kobold demonologist
   174 | D        | Noticed a soul eater
   175 | D        | Noticed a soul eater
   176 | D        | Noticed a red devil
   177 | D        | Noticed an ice devil
   180 | D        | Killed a kobold demonologist
   180 | D        | Reached skill level 12 in Unarmed Combat
   183 | D        | Killed a kobold demonologist
   183 | D        | Reached skill level 13 in Unarmed Combat
   183 | D        | Reached XP level 8. HP: 36/89 MP: 2/7
   266 | D        | Noticed a demonic crawler
   266 | D        | Noticed a demonic crawler
   266 | D        | Noticed a demonic crawler
   266 | D        | Noticed a demonic crawler
   274 | D        | Slain by a demonic crawler

Skill      XL: |  1  2  3  4  5  6  7 |
---------------+----------------------+-----
Fighting       | 3 4 5 7 8 |  8.5
Dodging        | 3 4 5 7 |  7.0
Unarmed Combat | 5 7 9 11 13 | 13.3
Stealth        | |  1.0

Action                   |  1- 3 |  4- 6 |  7- 9 || total
-------------------------+-------+-------+-------++-------
Melee: Unarmed           |     9 |    28 |    15 ||    52
Invok: Upheaval          |       |       |     2 ||     2
 Stab: Sleeping          |       |     1 |       ||     1
Armor: Robe              |     2 |     4 |     9 ||    15
Dodge: Dodged            |     3 |     8 |    28 ||    39
Block: Other             |       |       |     3 ||     3
